cohdb
Replays
Latest Replays
All Replays
Popular Replays
Top Player Replays
Match Explorer
How It Works
Community
CoH3 Stats
Reddit
Sign in to upload your games and track your stats! →
Sign in with Steam
Match 39737057
Unlisted
Match 39737057
Overview
Messages
Build Orders
End
Construct Infanterie Kompanie
Grenadier Squad
MG 42 Machine Gun Team
GrW 34 Mortar Team
Grenadier Squad
Construct Panzergrenadier Kompanie
Medical Bunker
251 Medium Carrier
Support Elements
StuG III G Assault Gun
Selects Breakthrough Battlegroup
Selects Rapid Production
Nebelwerfer 42 Rocket Launcher Team
Side Skirts
Panzergrenadier Officer Quarters
Panzergrenadier Squad
Selects Assault Grenadiers
Selects Smoke Bombing Run
Selects Incendiary Bombing Run
Incendiary Bombing Run
Construct Panzer Kompanie
Stoßtruppen Squad
Panzer IV Medium Tank
Panzer Officer Quarters
Stoßtruppen Squad
Pioneer Squad
Panzer IV Medium Tank
Stoßtruppen Squad
Selects Blitzkrieg
Pak 40 Anti-tank Gun Team
Selects Tiger Heavy Tank
Pioneer Squad
Pak 40 Anti-tank Gun Team
Incendiary Bombing Run
Tiger Heavy Tank
Pak 40 Anti-tank Gun Team
insane
Nox
leonidas
jenscher89
Reshala
srubert83
iPlayThisNaked
Ecce Mono
0
0
Comments
sign in to comment!
No comments posted yet!